 Dungeon Sprint DCSS version 0.21.0-25-ge575cb9 (webtiles) character file.

201 wojtek the Cleaver (level 5, -21/52 HPs)
             Began as a Minotaur Berserker on Jan 25, 2018.
             Was an Elder of Trog.
             Killed from afar by a deep elf mage (25 damage)
             ... with a bolt of negative energy
             ... in the Dungeon (Sprint III: "The Ten Rune Challenge").
             The game lasted 00:01:45 (861 turns).

wojtek the Cleaver (Minotaur Berserker)              Turns: 861, Time: 00:01:45

Health: -21/52     AC:  2    Str: 22    XL:     5   Next: 50%
Magic:  4/4        EV: 14    Int:  4    God:    Trog [****..]
Gold:   23         SH:  0    Dex: 10    Spells: 4/4 levels left

rFire    . . .     SeeInvis .   a - +0 hand axe
rCold    . . .     Gourm    .   (no shield)
rNeg     . . .     Faith    .   b - +0 animal skin
rPois    .         Spirit   .   (helmet restricted)
rElec    .         Reflect  .   (no cloak)
rCorr    .         Harm     .   (no gloves)
MR       .....     NoTele   +   (no boots)
Stlth    +.........             (no amulet)
HPRegen  0.17/turn              (no ring)
MPRegen  0.09/turn              (no ring)

@: lethally poisoned (-21 -> -67), drained
A: retaliatory headbutt, horns 2
a: Berserk, Trog's Hand, Brothers in Arms, Burn Spellbooks, Renounce Religion


You were in the Dungeon.
You worshipped Trog.
Trog was greatly pleased with you.
You were not hungry.

You visited 1 branch You collected 23 gold pieces.

Inventory:

Hand Weapons
 a - a +0 hand axe (weapon)
Armour
 b - a +0 animal skin (worn)
Scrolls
 d - a scroll of torment {unknown}
 i - a scroll of blinking
 j - 2 scrolls of identify
 k - 2 scrolls of remove curse
 m - 2 scrolls of immolation {unknown}
 n - a scroll of enchant armour {unknown}
Potions
 e - a potion of heal wounds
 f - a potion of haste
 g - 2 potions of magic
 h - a potion of berserk rage
 l - 3 potions of flight
 o - 5 potions of mutation
Comestibles
 c - 2 rations


   Skills:
 + Level 7.1(6.5) Fighting
 * Level 9.4(8.7) Axes
 + Level 6.5(5.9) Armour
 + Level 6.0(5.4) Dodging


You had 4 spell levels left.
You didn't know any spells.

Dungeon Overview and Level Annotations

Branches:
Dungeon (1/1)

Altars:
Elyvilon
Kikubaaqudgha
Sif Muna
Vehumet
Zin
The Shining One


Innate Abilities, Weirdness & Mutations

You reflexively headbutt those who attack you in melee.
You have a pair of horns on your head.


Message History

The deep elf mage casts a spell.
The demonic crawler hits you. The demonic crawler closely misses you.
The demonic crawler hits you!
Okay, then.
The spellbook bursts into flames.
Trog is delighted!
* * * LOW HITPOINT WARNING * * *
You feel very sick.
The demonic crawler is engulfed in blazing flames.
The demonic crawler barely misses you. The demonic crawler hits you!
* * * LOW HITPOINT WARNING * * *
The demonic crawler misses you.
You hit the demonic crawler.
The demonic crawler is lightly wounded.
* * * LOW HITPOINT WARNING * * *
You feel very sick.
The deep elf mage points at you and mumbles some strange words.
The bolt of negative energy hits the demonic crawler.
The demonic crawler completely resists.
The bolt of negative energy hits you!
You feel drained.
You die...

▓▓▓▓▓▓▓▓ ▓▓▓ .'.....♣♣
♣.##### .#......♣
♣.#___# ##.....♣♣
♣♣.#..@#
.#....≈♣♣♣♣..###s#+###+
.#...≈≈.♣....#..e.......
.#..≈≈≈≈♣....'.⌠3.......
'#..≈≈≈≈≈≈.♣.#...######+
[#.≈≈≈≈≈≈....#.⌠.#
.#.≈≈≈≈≈.....#...#
.#.≈≈≈.......#'###
##...........#)).#


You could see a demonic crawler, a deep elf mage and a sixfirhy.

Vanquished Creatures
  A water elemental (D)
  A scorpion (D)
  A wizard (D)
  Jessica (D)
  A human (D)
  A kobold demonologist (D)
  3 rats (D)
9 creatures vanquished.

Vanquished Creatures (others)
  2 draconian scorchers (D)
  A yaktaur (D)
  6 hellions (D)
9 creatures vanquished.

Grand Total: 18 creatures vanquished

Notes
Turn   | Place    | Note
-------+----------+-------------------------------------------
     0 | D        | wojtek the Minotaur Berserker began the quest for the Orb.
     0 | D        | Reached XP level 1. HP: 19/19 MP: 0/0
     6 | D        | Reached skill level 4 in Axes
    16 | D        | Noticed Jessica
    19 | D        | Reached ** piety under Trog
    20 | D        | Killed Jessica
    20 | D        | Reached skill level 5 in Axes
    20 | D        | Reached XP level 2. HP: 21/28 MP: 1/1
    46 | D        | HP: 2/42 [human (3)]
    47 | D        | Reached skill level 5 in Fighting
    47 | D        | Reached skill level 6 in Axes
    47 | D        | Reached XP level 3. HP: 3/36 MP: 2/2
    53 | D        | Killed a yaktaur
    80 | D        | Killed a hellion
    81 | D        | Killed a hellion
    82 | D        | Killed a hellion
    98 | D        | Killed a hellion
   100 | D        | Killed a hellion
   132 | D        | Killed a hellion
   217 | D        | Killed a white draconian scorcher
   227 | D        | Killed a white draconian scorcher
   260 | D        | Noticed a scorpion
   273 | D        | Killed a scorpion
   273 | D        | Reached *** piety under Trog
   273 | D        | Reached skill level 7 in Axes
   273 | D        | Reached skill level 5 in Armour
   273 | D        | Reached XP level 4. HP: 12/44 MP: 3/3
   285 | D        | HP: 2/44 [poisoned by a scorpion]
   555 | D        | Noticed a water elemental
   559 | D        | Killed a water elemental
   559 | D        | Reached skill level 8 in Axes
   559 | D        | Reached skill level 5 in Dodging
   559 | D        | Reached XP level 5. HP: 43/51 MP: 4/4
   589 | D        | Found a radiant altar of Vehumet.
   589 | D        | Found a deep blue altar of Sif Muna.
   589 | D        | Found an ancient bone altar of Kikubaaqudgha.
   593 | D        | Noticed an ice devil
   594 | D        | Reached skill level 9 in Axes
   597 | D        | Noticed a chaos spawn
   597 | D        | Reached **** piety under Trog
   847 | D        | Found a glowing silver altar of Zin.
   848 | D        | Found a glowing golden altar of the Shining One.
   848 | D        | Found a white marble altar of Elyvilon.
   848 | D        | Noticed a deep elf mage
   853 | D        | Noticed a demonic crawler
   853 | D        | Noticed a redback
   860 | D        | Noticed a sixfirhy
   861 | D        | Killed from afar by a deep elf mage

Skill      XL: |  1  2  3  4  5 |
---------------+----------------+-----
Axes           | 5 6 7 8 9 |  9.4
Fighting       | 4 5 6 7 |  7.1
Armour         | 3 4 5 6 |  6.5
Dodging        | 3 4 5 6 |  6.0

Action                   |  1- 3 |  4- 6 || total
-------------------------+-------+-------++-------
Melee: Hand axe          |    22 |    15 ||    37
       Headbutt          |     4 |     2 ||     6
Invok: Berserk           |     1 |     1 ||     2
       Burn Spellbooks   |       |     1 ||     1
  Use: Potion            |       |     1 ||     1
  Eat: Ration            |       |     1 ||     1
Armor: Animal skin       |     1 |       ||     1
Dodge: Dodged            |     4 |     9 ||    13
